 Dungeon Crawl Stone Soup version 0.29-a0-364-g921d912d32 (webtiles) character file.

Game seed: 758397343797951374

119 holysushi the Cutter (level 5, -4/34 HPs)
             Began as a Kobold Monk on Apr 30, 2022.
             Killed from afar by an orc wizard (5 damage)
             ... with a puff of flame
             ... on level 3 of the Dungeon.
             The game lasted 00:01:38 (2282 turns).

holysushi the Cutter (Kobold Monk)                  Turns: 2282, Time: 00:01:40

Health: -4/34      AC:  3    Str:  9    XL:     5   Next: 24%
Magic:  5/5        EV: 16    Int: 11    God:
Gold:   176        SH:  0    Dex: 19    Spells: 4/4 levels left

rFire   . . .      SeeInvis .   a - +0 short sword
rCold   . . .      Faith    .   (no shield)
rNeg    . . .      Spirit   .   b - +0 robe
rPois   .          Reflect  .   (no helmet)
rElec   .          Harm     .   j - +0 cloak
rCorr   .          Rampage  .   (no gloves)
Will    .....                   (no boots)
Stlth   +++.......              k - amulet of regeneration
HPRegen 0.91/turn               (no ring)
MPRegen 0.09/turn               (no ring)

@: brilliant, lethally poisoned (-4 -> -5)
A: small, no large weapons, nightstalker 3
a: no special abilities


You were on level 3 of the Dungeon.
You visited 1 branch of the dungeon, and saw 3 of its levels.

You collected 176 gold pieces.

Inventory:

Hand Weapons
 a - a +0 short sword (weapon)
Armour
 b - a +0 robe (worn)
 j - a +0 cloak (worn)
Jewellery
 k - an amulet of regeneration (around neck)
Scrolls
 d - 3 scrolls of identify {unknown}
 e - a scroll of enchant armour {unknown}
 f - 3 scrolls of teleportation {unknown}
 g - a scroll of amnesia {unknown}
 m - a scroll of vulnerability {unknown}
 n - a scroll of holy word {unknown}
 o - 2 scrolls of immolation {unknown}
 q - 2 scrolls of magic mapping {unknown}
Potions
 c - 2 potions of ambrosia
 h - 2 potions of brilliance
 i - 2 potions of flight {unknown}
 l - a potion of resistance {unknown}
 p - a potion of degeneration {unknown}
 r - 2 potions of magic {unknown}


   Skills:
 + Level 4.3 Fighting
 * Level 6.4 Short Blades
 - Level 3.6 Dodging
 - Level 2.6 Stealth


You had 4 spell levels left.
You didn't know any spells.
Your spell library contained the following spells:

 Spells                   Type           Power      Damage    Failure   Level
 Ozocubu's Armour         Ice            0%         N/A       71%         3
 Metabolic Englaciation   Hex/Ice        0%         N/A       100%        5
 Simulacrum               Ice/Necr       0%         N/A       100%        6


Dungeon Overview and Level Annotations

Branches:
Dungeon (3/15)

Altars:


Innate Abilities, Weirdness & Mutations

You are small and have problems with some larger weapons.
You are completely attuned to the shadows.


Message History

The orc wizard hits you with a +0 dagger.
Unknown command.
You feel very sick.
You hit the orc but do no damage.
You feel sick.
Unknown command.
You hit the orc wizard.
The orc wizard is heavily wounded.
You feel sick. The orc misses you.
The orc wizard hits you with a +0 dagger.
Unknown command.
You are too injured to fight recklessly!
Unknown command.
You feel sick.
The orc hits you with a +0 dagger of venom.
You are more poisoned.
The orc attacks as you move away! The orc closely misses you.
You feel very sick.
The orc wizard attacks as you move away!
The orc wizard hits you with a +0 dagger.
The orc attacks as you move away! The orc misses you.
You feel very sick.
You feel sick.
You feel sick.
You hit the orc wizard but do no damage.
The orc wizard is heavily wounded.
You feel sick.
The orc wizard points at you and mumbles some strange words.
The puff of flame hits you.
* * * LOW HITPOINT WARNING * * *
You puncture the orc wizard!
The orc wizard is almost dead.
* * * LOW HITPOINT WARNING * * *
You feel sick.
It was a potion of brilliance.
You feel clever all of a sudden.
* * * LOW HITPOINT WARNING * * *
You feel sick.
The orc wizard gestures at you while chanting.
The puff of flame hits you.
You die...

......# #####..
......# .#......
.....$####.#.#####
......##.. #.#
#o###.###.#
####o........#
....o###.#####
#####o##......
#.@ooo........
#.##'##.......
#.............
#.......#....
##......+....
######## ..


You could see an orc wizard and 3 orcs.

Vanquished Creatures
  7 adders
  2 worms
  2 dart slugs
  6 endoplasms
  A giant cockroach (D:2)
  5 hobgoblins
  4 jackals (D:3)
  6 kobolds
  3 quokkas (D:1)
  2 ball pythons (D:1)
  4 bats
  4 goblins
  3 rats
49 creatures vanquished.

Notes
Turn   | Place    | Note
-------+----------+-------------------------------------------
     0 | D:1      | holysushi the Kobold Monk began the quest for the Orb.
     0 | D:1      | Reached XP level 1. HP: 14/14 MP: 1/1
   106 | D:1      | Reached XP level 2. HP: 19/19 MP: 2/2
   452 | D:1      | Reached XP level 3. HP: 24/24 MP: 3/3
   493 | D:1      | Reached skill level 5 in Short Blades
  1087 | D:2      | Reached XP level 4. HP: 19/29 MP: 4/4
  1635 | D:2      | Reached skill level 6 in Short Blades
  1722 | D:2      | Found a faded altar of an unknown god.
  2105 | D:3      | Reached XP level 5. HP: 33/33 MP: 5/5
  2280 | D:3      | HP: 1/34 [orc wizard/puff of flame (5)]
  2282 | D:3      | Killed from afar by an orc wizard

Illustrated notes

Levels and vault maps discovered:
D:1:      eino_arrival_water_cross, layout_basic
D:2:      minmay_kobold_bridge, layout_rooms,
          shapermc_ecumenical_altar_mp_vishouse
D:3:      layout_basic

Skill      XL: |  1  2  3  4 |
---------------+-------------+-----
Short Blades   | 5 6 |  6.4
Fighting       | 4 |  4.3
Dodging        | |  3.6
Stealth        | |  2.6

Action                   |  1- 3 |  4- 6 || total
-------------------------+-------+-------++-------
Melee: Short sword       |    63 |    70 ||   133
  Use: Potion            |       |     1 ||     1
 Stab: Sleeping          |    15 |     4 ||    19
       Distracted        |       |     1 ||     1
Armor: Robe              |     3 |    10 ||    13
Dodge: Dodged            |    29 |    54 ||    83

Table legend: (Time is in decaauts)
 A = Elapsed time spent in this place.
 B = Non-inter-level travel time spent in this place.
 C = Inter-level travel time spent in this place.
 D = Time resting spent in this place.
 E = Time spent auto-exploring this place.
 F = Levels seen in this place.
 G = Mean time per level.
                   A        B        C        D        E       F      G
               +--------+--------+--------+--------+--------+-----+--------+
         Total |   2258 |   2150 |    108 |    373 |   1423 |   3 |  752.7 |
       Dungeon |   2258 |   2150 |    108 |    373 |   1423 |   3 |  752.7 |
               +--------+--------+--------+--------+--------+-----+--------+

Top non-repeatable levels by time:
     D:2: 1009 daAuts
     D:1: 891 daAuts
     D:3: 357 daAuts
